[Event "Mitropa Online Cup Open 2021"]
[Site "Hybrid"]
[Date "2021.05.04"]
[Round "7.5"]
[White "Finek, Vaclav"]
[Black "Nayhebaver, Martin"]
[Result "0-1"]
[ECO "E05"]
[WhiteElo "2361"]
[BlackElo "2485"]
[Annotator "ChessBase"]
[PlyCount "90"]
[EventDate "2021.05.04"]
[EventType "team-tourn"]
[EventCountry "NET"]
[SourceTitle "playchess.com"]
[Source "ChessBase"]
[SourceQuality "1"]
[WhiteTeam "Czech Republic"]
[BlackTeam "Slovakia"]
[WhiteTeamCountry "CZE"]
[BlackTeamCountry "SVK"]
[TimeControl "40/5400+30:1800+30"]

1. Nf3 Nf6 2. c4 e6 3. g3 Be7 4. Bg2 d5 5. O-O O-O 6. d4 dxc4 7. Qa4 c5 8. dxc5 Qd5 9. Nfd2 Qxc5 10. Qxc4 Qh5 11. Nc3 Nc6 12. Nf3 e5 13. Qh4 Qxh4 14. Nxh4 Be6 15. Bg5 h6 16. Bxf6 Bxf6 17. Nf3 Rfd8 18. Ne4 Be7 19. Rfc1 f5 20. Nc5 Bc8 21. Ne1 e4 22. g4 g6 23. Rab1 Nd4 24. Bf1 b6 25. Na4 fxg4 26. Nc3 Bf5 27. Bg2 Rac8 28. Rd1 Bb4 29. Kf1 Bxc3 30. bxc3 Rxc3 31. Rb4 Nc6 32. Rxd8+ Nxd8 33. Bxe4 Nc6 34. Bd5+ Kg7 35. Rb2 Ne5 36. Rd2 Rc1 37. Bg2 Ra1 38. Rd5 Kf6 39. Rd6+ Ke7 40. Rd5 Nc4 41. Rd4 Na3 42. Be4 Bxe4 43. Rxe4+ Kf6 44. Ra4 Nc2 45. Rxa7 Nxe1 0-1

[Event "Mitropa Online Cup Open 2021"]
[Site "Hybrid"]
[Date "2021.05.04"]
[Round "8.1"]
[White "Babula, Vlastimil"]
[Black "Prusikin, Michael"]
[Result "1/2-1/2"]
[ECO "D55"]
[WhiteElo "2559"]
[BlackElo "2547"]
[Annotator "ChessBase"]
[PlyCount "66"]
[EventDate "2021.05.04"]
[EventType "team-tourn"]
[EventCountry "NET"]
[SourceTitle "playchess.com"]
[Source "ChessBase"]
[SourceQuality "1"]
[WhiteTeam "Czech Republic"]
[BlackTeam "Germany"]
[WhiteTeamCountry "CZE"]
[BlackTeamCountry "GER"]
[TimeControl "40/5400+30:1800+30"]

1. d4 d5 2. c4 e6 3. Nf3 Nf6 4. Bg5 Be7 5. e3 h6 6. Bxf6 Bxf6 7. Qc2 Nd7 8. Nc3 c6 9. O-O-O O-O 10. h4 g6 11. g4 Bg7 12. Kb1 a6 13. cxd5 cxd5 14. Ne2 Nb6 15. Nf4 Bd7 16. Bd3 Rc8 17. Qe2 Nc4 18. Nd2 Bb5 19. g5 h5 20. Rc1 Qd6 21. Nxc4 dxc4 22. Bxc4 Rxc4 23. Rxc4 e5 24. dxe5 Qxe5 25. Rhc1 Rd8 26. a4 Bxc4 27. Rxc4 b5 28. axb5 Qxb5 29. Rc2 Qf5 30. Kc1 Qa5 31. Kb1 Qf5 32. Kc1 Qa5 33. Kb1 Qf5 1/2-1/2

[Event "Mitropa Online Cup Open 2021"]
[Site "Hybrid"]
[Date "2021.05.04"]
[Round "8.2"]
[White "Baenziger, Fabian"]
[Black "Sahidi, Samir"]
[Result "1-0"]
[ECO "E43"]
[WhiteElo "2400"]
[BlackElo "2406"]
[Annotator "NA"]
[PlyCount "77"]
[EventDate "2021.05.04"]
[EventType "team-tourn"]
[EventCountry "NET"]
[SourceTitle "playchess.com"]
[Source "ChessBase"]
[SourceQuality "1"]
[WhiteTeam "Switzerland"]
[BlackTeam "Slovakia"]
[WhiteTeamCountry "SUI"]
[BlackTeamCountry "SVK"]
[TimeControl "40/5400+30:1800+30"]

1. d4 Nf6 2. c4 e6 3. Nc3 Bb4 4. e3 O-O 5. Bd3 c5 6. Nf3 cxd4 7. exd4 b6 8. O-O Bb7 9. Re1 Bxc3 10. bxc3 d6 11. Bf4 Re8 12. Rb1 Nc6 13. d5 exd5 14. Rxe8+ Qxe8 15. cxd5 Na5 16. c4 Rc8 17. Rc1 Ba6 18. Bxd6 Nxc4 19. Bg3 Nb2 20. Bxa6 Nxd1 21. Rxc8 Qxc8 22. Bxc8 Nxd5 23. Bb8 a5 24. Nd4 N1c3 25. Bb7 a4 26. a3 f6 27. Bd6 Kf7 28. Bc6 Ne7 29. Bd7 Ned5 30. Kf1 g5 31. g4 Kg7 32. Bc6 Kg6 33. Nb5 f5 34. Nxc3 Nxc3 35. Be5 Nb1 36. Be8+ Kh6 37. gxf5 Nd2+ 38. Kg2 Nc4 39. Bc3 1-0

[Event "Mitropa Online Cup Open 2021"]
[Site "Hybrid"]
[Date "2021.05.04"]
[Round "8.3"]
[White "Zelcic, Robert"]
[Black "Nagy, Gabor"]
[Result "1-0"]
[ECO "B48"]
[WhiteElo "2539"]
[BlackElo "2511"]
[Annotator "ChessBase"]
[PlyCount "83"]
[EventDate "2021.05.04"]
[EventType "team-tourn"]
[EventCountry "NET"]
[SourceTitle "playchess.com"]
[Source "ChessBase"]
[SourceQuality "1"]
[WhiteTeam "Croatia"]
[BlackTeam "Hungary"]
[WhiteTeamCountry "CRO"]
[BlackTeamCountry "HUN"]
[TimeControl "40/5400+30:1800+30"]

1. e4 c5 2. Nf3 e6 3. d4 cxd4 4. Nxd4 Nc6 5. Nc3 Qc7 6. Be3 a6 7. Bd3 Nf6 8. O-O b5 9. Nxc6 Qxc6 10. a3 Bb7 11. Qe1 Be7 12. f3 Qc7 13. Bd4 e5 14. Qg3 Bc5 15. Bxc5 Qxc5+ 16. Qf2 Qxf2+ 17. Rxf2 O-O 18. Re2 Bc6 19. a4 b4 20. Nd1 Rfd8 21. Ne3 a5 22. Bc4 d5 23. exd5 Nxd5 24. Ng4 Nf4 25. Rxe5 Rd2 26. Ne3 g6 27. Bf1 Kg7 28. Rc5 Bd7 29. b3 Re8 30. Re1 Ne6 31. Rd5 Rxd5 32. Nxd5 Rc8 33. Nb6 Rc7 34. Bc4 Be8 35. Re5 Rc6 36. Bxe6 Kf6 37. Nd7+ Bxd7 38. Bxd7 Rd6 39. Rxa5 Rxd7 40. h4 Rc7 41. Rb5 Rxc2 42. Rxb4 1-0

[Event "Mitropa Online Cup Open 2021"]
[Site "Hybrid"]
[Date "2021.05.04"]
[Round "8.4"]
[White "Shengelia, David"]
[Black "Spalir, Jernej"]
[Result "1-0"]
[ECO "D46"]
[WhiteElo "2521"]
[BlackElo "2389"]
[Annotator "ChessBase"]
[PlyCount "61"]
[EventDate "2021.05.04"]
[EventType "team-tourn"]
[EventCountry "NET"]
[SourceTitle "playchess.com"]
[Source "ChessBase"]
[SourceQuality "1"]
[WhiteTeam "Austria"]
[BlackTeam "Slovenia"]
[WhiteTeamCountry "AUT"]
[BlackTeamCountry "SLO"]
[TimeControl "40/5400+30:1800+30"]

1. c4 c6 2. Nf3 d5 3. e3 Nf6 4. Nc3 e6 5. b3 Nbd7 6. Bb2 Bd6 7. d4 O-O 8. Bd3 Qe7 9. Qc2 Re8 10. O-O-O dxc4 11. bxc4 e5 12. Ne4 exd4 13. Nxd6 Qxd6 14. exd4 b5 15. c5 Qd5 16. Ne5 Nf8 17. a3 Be6 18. f4 Qa2 19. Qd2 Bd5 20. Rhe1 N6d7 21. Bb1 Qb3 22. Bc2 Qa2 23. Bb1 Qb3 24. Bc2 Qa2 25. Re3 Nxe5 26. dxe5 Rad8 27. f5 Qc4 28. Qb4 Bxg2 29. Rxd8 Rxd8 30. Qxc4 bxc4 31. Rg3 1-0

[Event "Mitropa Online Cup Open 2021"]
[Site "Hybrid"]
[Date "2021.05.04"]
[Round "8.4"]
[White "Sebenik, Matej"]
[Black "Dragnev, Valentin"]
[Result "0-1"]
[ECO "D45"]
[WhiteElo "2498"]
[BlackElo "2559"]
[Annotator "ChessBase"]
[PlyCount "66"]
[EventDate "2021.05.04"]
[EventType "team-tourn"]
[EventCountry "NET"]
[SourceTitle "playchess.com"]
[Source "ChessBase"]
[SourceQuality "1"]
[WhiteTeam "Slovenia"]
[BlackTeam "Austria"]
[WhiteTeamCountry "SLO"]
[BlackTeamCountry "AUT"]
[TimeControl "40/5400+30:1800+30"]

1. c4 c6 2. Nf3 d5 3. e3 Nf6 4. Nc3 e6 5. d4 Nbd7 6. Qc2 Bd6 7. b3 O-O 8. Be2 b6 9. O-O Bb7 10. Bb2 Qe7 11. Rfe1 Rfe8 12. Rad1 Rad8 13. Bf1 e5 14. dxe5 Nxe5 15. Nd4 dxc4 16. Nf5 Qe6 17. Nxd6 Rxd6 18. Rxd6 Qxd6 19. Rd1 Qe6 20. Ne4 cxb3 21. axb3 Nd5 22. Ng5 Qh6 23. Bxe5 Qxg5 24. Bg3 h5 25. Qc4 Qe7 26. Be2 b5 27. Qh4 Nc3 28. Rd2 Qa3 29. Bf1 Qc1 30. Qd4 b4 31. Qd7 Rf8 32. Qxb7 Qxd2 33. Qxc6 Ne2+ 0-1

[Event "Mitropa Online Cup Open 2021"]
[Site "Hybrid"]
[Date "2021.05.04"]
[Round "8.5"]
[White "Brunello, Sabino"]
[Black "Travadon, Loic"]
[Result "1-0"]
[ECO "D38"]
[WhiteElo "2519"]
[BlackElo "2414"]
[Annotator "ChessBase"]
[PlyCount "87"]
[EventDate "2021.05.04"]
[EventType "team-tourn"]
[EventCountry "NET"]
[SourceTitle "playchess.com"]
[Source "ChessBase"]
[SourceQuality "1"]
[WhiteTeam "Italy"]
[BlackTeam "France"]
[WhiteTeamCountry "ITA"]
[BlackTeamCountry "FRA"]
[TimeControl "40/5400+30:1800+30"]

1. d4 Nf6 2. c4 e6 3. Nf3 d5 4. Nc3 Bb4 5. Qa4+ Nc6 6. a3 Bxc3+ 7. bxc3 Ne4 8. Qc2 Nd6 9. c5 Ne4 10. e3 b6 11. c4 bxc5 12. cxd5 exd5 13. dxc5 O-O 14. Bb2 Rb8 15. Bd3 Qe7 16. O-O Qxc5 17. Rfc1 Qxc2 18. Rxc2 Rb6 19. Rac1 Bd7 20. Be5 Rb3 21. Bf1 Nxe5 22. Nxe5 Be6 23. a4 Ra3 24. Rxc7 Rxa4 25. Nc6 Ra8 26. Nd4 a5 27. f3 Nf6 28. g4 h6 29. h4 Ra3 30. Kf2 a4 31. Nxe6 fxe6 32. g5 hxg5 33. hxg5 Ra2+ 34. Kg3 Ne8 35. Re7 a3 36. Bh3 Kf8 37. Rd7 Ra6 38. g6 e5 39. Rf7+ Kg8 40. Bf5 Ra1 41. Rxa1 Nd6 42. Be6 Nxf7 43. gxf7+ Kf8 44. Bxd5 1-0

[Event "Mitropa Online Cup Open 2021"]
[Site "Hybrid"]
[Date "2021.05.04"]
[Round "8.5"]
[White "Sochacki, Christophe"]
[Black "Basso, Pier Luigi"]
[Result "1/2-1/2"]
[ECO "D10"]
[WhiteElo "2477"]
[BlackElo "2552"]
[Annotator "RC"]
[PlyCount "92"]
[EventDate "2021.05.04"]
[EventType "team-tourn"]
[EventCountry "NET"]
[SourceTitle "playchess.com"]
[Source "ChessBase"]
[SourceQuality "1"]
[WhiteTeam "France"]
[BlackTeam "Italy"]
[WhiteTeamCountry "FRA"]
[BlackTeamCountry "ITA"]
[TimeControl "40/5400+30:1800+30"]

1. d4 d5 2. c4 c6 3. cxd5 cxd5 4. Bf4 Nc6 5. e3 Bf5 6. Qb3 Qd7 7. Nf3 f6 8. Nc3 e6 9. h4 h5 10. Rc1 Nh6 11. Bb5 Rc8 12. Na4 Nf7 13. O-O Be7 14. Nc5 Bxc5 15. Rxc5 a6 16. Bxc6 Rxc6 17. Rfc1 Nd8 18. Nd2 O-O 19. Qd1 Bg6 20. Nb3 b6 21. R5c3 Rxc3 22. Rxc3 Nc6 23. Qc1 Rc8 24. a3 Qb7 25. Bg3 Be8 26. Qc2 Ne7 27. Rxc8 Nxc8 28. Nc1 Bb5 29. Ne2 Bxe2 30. Qxe2 g6 31. f3 Ne7 32. e4 Qc8 33. Kh2 Kf7 34. Bd6 Nc6 35. Qe3 Qd8 36. Qf4 b5 37. e5 Kg7 38. exf6+ Qxf6 39. Be5 Nxe5 40. Qxe5 Qxe5+ 41. dxe5 Kf7 42. b4 Ke7 43. Kg3 Kf7 44. Kf2 Kg7 45. f4 Kf7 46. Ke3 Ke7 1/2-1/2

[Event "Mitropa Online Cup Open 2021"]
[Site "Hybrid"]
[Date "2021.05.04"]
[Round "9.1"]
[White "Lagarde, Maxime"]
[Black "Prusikin, Michael"]
[Result "0-1"]
[ECO "C28"]
[WhiteElo "2638"]
[BlackElo "2547"]
[Annotator "ChessBase"]
[PlyCount "100"]
[EventDate "2021.05.04"]
[EventType "team-tourn"]
[EventCountry "NET"]
[SourceTitle "playchess.com"]
[Source "ChessBase"]
[SourceQuality "1"]
[WhiteTeam "France"]
[BlackTeam "Germany"]
[WhiteTeamCountry "FRA"]
[BlackTeamCountry "GER"]
[TimeControl "40/5400+30:1800+30"]

1. e4 e5 2. Bc4 Nf6 3. d3 Nc6 4. Nc3 Bb4 5. Nge2 d5 6. exd5 Nxd5 7. O-O Be6 8. a3 Bxc3 9. bxc3 O-O 10. Bb3 Qh4 11. Qd2 Rad8 12. c4 Nde7 13. f4 e4 14. Bb2 Nf5 15. Rae1 Qg4 16. Ng3 Nxg3 17. hxg3 exd3 18. cxd3 Qxg3 19. Re3 Qg6 20. Qf2 Bg4 21. Rg3 h5 22. f5 Qg5 23. f6 g6 24. Bc1 Qh4 25. Be3 Rfe8 26. Qf4 g5 27. Qf2 Nd4 28. Bd1 Nf5 29. Rxg4 Qxf2+ 30. Rxf2 hxg4 31. Rxf5 Rxe3 32. Rxg5+ Kh7 33. Bxg4 Kh6 34. Rg7 Rg3 35. Kh2 Rdxd3 36. a4 b6 37. Rg8 a5 38. Rg7 c5 39. Rg8 Rge3 40. Rg7 Rd6 41. Rxf7 Kg6 42. Re7 Rxe7 43. fxe7 Kf7 44. Bc8 Kxe7 45. Ba6 Kf6 46. Kh3 Kg5 47. g3 Rd2 48. Bb5 Rc2 49. Ba6 Rb2 50. Bb5 Rxb5 0-1

[Event "Mitropa Online Cup Open 2021"]
[Site "Hybrid"]
[Date "2021.05.04"]
[Round "9.1"]
[White "Parvanyan, Ashot"]
[Black "Sochacki, Christophe"]
[Result "1/2-1/2"]
[ECO "A04"]
[WhiteElo "2436"]
[BlackElo "2477"]
[Annotator "ChessBase"]
[PlyCount "62"]
[EventDate "2021.05.04"]
[EventType "team-tourn"]
[EventCountry "NET"]
[SourceTitle "playchess.com"]
[Source "ChessBase"]
[SourceQuality "1"]
[WhiteTeam "Germany"]
[BlackTeam "France"]
[WhiteTeamCountry "GER"]
[BlackTeamCountry "FRA"]
[TimeControl "40/5400+30:1800+30"]

1. Nf3 f5 2. d3 d6 3. e4 e5 4. Nc3 Nc6 5. exf5 Nge7 6. d4 exd4 7. Nxd4 Nxd4 8. Qxd4 Nxf5 9. Qe4+ Qe7 10. Bd3 Qxe4+ 11. Bxe4 c6 12. O-O d5 13. Bd3 Bd6 14. Re1+ Kf7 15. Ne2 Re8 16. Bd2 g6 17. b3 Ng7 18. c4 dxc4 19. Bxc4+ Be6 20. Bxe6+ Rxe6 21. Nd4 Rxe1+ 22. Rxe1 Re8 23. Rxe8 Nxe8 24. Kf1 Nc7 25. Ke2 Ne6 26. Nf3 Kf6 27. g3 Bc5 28. Be3 Kf5 29. h3 h5 30. Bxc5 Nxc5 31. Ke3 a5 1/2-1/2

[Event "Mitropa Online Cup Open 2021"]
[Site "Hybrid"]
[Date "2021.05.04"]
[Round "9.1"]
[White "Travadon, Loic"]
[Black "Koellner, Ruben Gideon"]
[Result "1-0"]
[ECO "A65"]
[WhiteElo "2404"]
[BlackElo "2412"]
[Annotator "NA"]
[PlyCount "177"]
[EventDate "2021.05.04"]
[EventType "team-tourn"]
[EventCountry "NET"]
[SourceTitle "playchess.com"]
[Source "ChessBase"]
[SourceQuality "1"]
[WhiteTeam "France"]
[BlackTeam "Germany"]
[WhiteTeamCountry "FRA"]
[BlackTeamCountry "GER"]
[TimeControl "40/5400+30:1800+30"]

1. e4 d6 2. d4 Nf6 3. f3 c5 4. Ne2 g6 5. c4 Bg7 6. Nbc3 O-O 7. d5 e6 8. Ng3 exd5 9. cxd5 a6 10. a4 Nbd7 11. Be2 Re8 12. O-O Rb8 13. Bf4 Ne5 14. Qd2 Bd7 15. Bg5 Qb6 16. Bxf6 Bxf6 17. f4 c4+ 18. Kh1 Nd3 19. Bxd3 cxd3 20. Qxd3 Rbc8 21. e5 dxe5 22. f5 Bg7 23. Nce4 Red8 24. Qf3 gxf5 25. Nxf5 Bxf5 26. Qxf5 Qg6 27. Qf3 f5 28. Ng3 f4 29. Ne4 Rc4 30. Rfe1 Rd4 31. Nc3 Rd3 32. Qf2 Qf5 33. Qb6 Rd7 34. Rad1 Rxd1 35. Rxd1 e4 36. Qc5 f3 37. Qc8+ Kf7 38. Rf1 Bxc3 39. Qxc3 Qxd5 40. gxf3 Qd3 41. Qe1 e3 42. Rg1 e2 43. Qg3 Qd1 44. Qg8+ Kf6 45. Qg5+ Ke6 46. Qe3+ Kd6 47. h4 Re7 48. Qb6+ Kd7 49. Qxb7+ Ke6 50. Qe4+ Kd7 51. Qb7+ Ke6 52. Qb4 Kd7 53. Re1 Qd3 54. Qg4+ Kd8 55. Kh2 Qd2 56. Qg8+ Kd7 57. Qg4+ Kd8 58. Qg3 Kc8 59. Kh3 h5 60. Qg1 Kb7 61. b4 Qd7+ 62. Kh2 Qc7+ 63. Kh1 Qf4 64. Qf2 Qf5 65. Qg2 Qf4 66. Qf2 Qf5 67. Qg3 Re3 68. Kg2 Re7 69. Qg5 Qe6 70. Qxh5 Rg7+ 71. Kf2 Qb6+ 72. Qc5 Qf6 73. Qd5+ Ka7 74. Qe4 Qb6+ 75. Kxe2 Qd6 76. Kf1 Qg3 77. Qd4+ Kb7 78. Qd5+ Ka7 79. Qc5+ Kb7 80. Re7+ Rxe7 81. Qxe7+ Kc6 82. Qe4+ Kd6 83. Qd4+ Kc6 84. Qg4 Qh2 85. h5 Kd5 86. Qe4+ Kd6 87. Qg6+ Ke5 88. Qg5+ Kd4 89. Qg1+ 1-0

[Event "Mitropa Online Cup Open 2021"]
[Site "Hybrid"]
[Date "2021.05.04"]
[Round "9.1"]
[White "Krastev, Alexander"]
[Black "Razafindratsima, Timothe"]
[Result "0-1"]
[ECO "C27"]
[WhiteElo "2340"]
[BlackElo "2341"]
[Annotator "NA"]
[PlyCount "80"]
[EventDate "2021.05.04"]
[EventType "team-tourn"]
[EventCountry "NET"]
[SourceTitle "playchess.com"]
[Source "ChessBase"]
[SourceQuality "1"]
[WhiteTeam "Germany"]
[BlackTeam "France"]
[WhiteTeamCountry "GER"]
[BlackTeamCountry "FRA"]
[TimeControl "40/5400+30:1800+30"]

1. e4 e5 2. Bc4 Nf6 3. Nc3 Bb4 4. a3 Bxc3 5. dxc3 d6 6. Ne2 O-O 7. Ng3 c6 8. Qe2 d5 9. Ba2 Bg4 10. f3 Be6 11. Bg5 Nbd7 12. O-O-O Qc7 13. Kb1 h6 14. Bc1 Rfe8 15. Nf5 Bxf5 16. exf5 e4 17. f4 e3 18. Qf3 Re4 19. Bxe3 Rae8 20. Bc1 h5 21. g3 Qb6 22. Rhg1 Re2 23. Rg2 Rxg2 24. Qxg2 Qb5 25. Rd3 Re1 26. Qd2 Rg1 27. c4 dxc4 28. Rxd7 Nxd7 29. Qxd7 Qd5 30. Qe8+ Kh7 31. Qe2 b5 32. b3 c3 33. b4 Rxc1+ 34. Kxc1 Qxa2 35. Qxh5+ Kg8 36. Kd1 Qb1+ 37. Ke2 Qxc2+ 38. Kf1 Qc1+ 39. Kf2 c2 40. Qe2 Qb2 0-1

[Event "Mitropa Online Cup Open 2021"]
[Site "Hybrid"]
[Date "2021.05.04"]
[Round "9.2"]
[White "Dragnev, Valentin"]
[Black "Moroni, Luca Jr"]
[Result "1/2-1/2"]
[ECO "C84"]
[WhiteElo "2565"]
[BlackElo "2546"]
[Annotator "ChessBase"]
[PlyCount "60"]
[EventDate "2021.05.04"]
[EventType "team-tourn"]
[EventCountry "NET"]
[SourceTitle "playchess.com"]
[Source "ChessBase"]
[SourceQuality "1"]
[WhiteTeam "Austria"]
[BlackTeam "Italy"]
[WhiteTeamCountry "AUT"]
[BlackTeamCountry "ITA"]
[TimeControl "40/5400+30:1800+30"]

1. e4 e5 2. Nf3 Nc6 3. Bb5 a6 4. Ba4 Nf6 5. O-O Nxe4 6. d4 Be7 7. Re1 b5 8. Rxe4 d5 9. Nxe5 Nxe5 10. Rxe5 bxa4 11. Qe1 f6 12. Re2 Kf7 13. Nc3 Bb4 14. Bd2 Bxc3 15. Bxc3 Bf5 16. Bb4 Re8 17. Rxe8 Qxe8 18. Qc3 Qd7 19. Re1 Re8 20. Rxe8 Kxe8 21. f3 h5 22. h4 Kf7 23. Qc5 Qd6 24. Qxd6 cxd6 25. Bxd6 Bxc2 26. a3 Ke6 27. Bf8 g6 28. Kf2 Bd3 29. Ke3 Bf1 30. g3 Kf7 1/2-1/2

[Event "Mitropa Online Cup Open 2021"]
[Site "Hybrid"]
[Date "2021.05.04"]
[Round "9.2"]
[White "Basso, Pier Luigi"]
[Black "Froewis, Georg"]
[Result "0-1"]
[ECO "D44"]
[WhiteElo "2538"]
[BlackElo "2460"]
[Annotator "ChessBase"]
[PlyCount "56"]
[EventDate "2021.05.04"]
[EventType "team-tourn"]
[EventCountry "NET"]
[SourceTitle "playchess.com"]
[Source "ChessBase"]
[SourceQuality "1"]
[WhiteTeam "Italy"]
[BlackTeam "Austria"]
[WhiteTeamCountry "ITA"]
[BlackTeamCountry "AUT"]
[TimeControl "40/5400+30:1800+30"]

1. d4 Nf6 2. c4 e6 3. Nc3 d5 4. Nf3 c6 5. Bg5 dxc4 6. e4 b5 7. e5 h6 8. Bh4 g5 9. Nxg5 hxg5 10. Bxg5 Nbd7 11. g3 Bb7 12. Bg2 Qb6 13. exf6 O-O-O 14. O-O c5 15. dxc5 Nxc5 16. Qe2 Bh6 17. Bxb7+ Qxb7 18. Bxh6 Rxh6 19. Qe3 Rh5 20. Rfd1 Nd3 21. Ne4 Rhd5 22. b3 c3 23. Nxc3 Re5 24. Qh6 Qf3 25. Rf1 b4 26. Nd1 Ne1 27. Ne3 Rh5 28. Qg7 Qg2+ 0-1

[Event "Mitropa Online Cup Open 2021"]
[Site "Hybrid"]
[Date "2021.05.04"]
[Round "9.2"]
[White "Lodici, Lorenzo"]
[Black "Morgunov, Marc"]
[Result "1-0"]
[ECO "B23"]
[WhiteElo "2483"]
[BlackElo "2385"]
[Annotator "ChessBase"]
[PlyCount "101"]
[EventDate "2021.05.04"]
[EventType "team-tourn"]
[EventCountry "NET"]
[SourceTitle "playchess.com"]
[Source "ChessBase"]
[SourceQuality "1"]
[WhiteTeam "Italy"]
[BlackTeam "Austria"]
[WhiteTeamCountry "ITA"]
[BlackTeamCountry "AUT"]
[TimeControl "40/5400+30:1800+30"]

1. e4 c5 2. Nc3 d6 3. d4 cxd4 4. Qxd4 Nc6 5. Qd2 g6 6. b3 Bh6 7. f4 Nf6 8. Bb2 O-O 9. O-O-O a5 10. Kb1 a4 11. bxa4 Be6 12. Bb5 Qa5 13. Nge2 Rfc8 14. Nd5 Bxd5 15. exd5 Qxd2 16. Rxd2 Ne4 17. Rdd1 Nf2 18. dxc6 bxc6 19. Bd3 Rxa4 20. g3 e5 21. Nc3 Rb4 22. a3 Rbb8 23. Ne4 Nxh1 24. Rxh1 Bg7 25. Kc1 d5 26. Nc5 Rxb2 27. Kxb2 e4+ 28. Ka2 exd3 29. Nxd3 Bf8 30. Rb1 Ra8 31. Nb4 Ra5 32. Rb3 Bxb4 33. Rxb4 Ra6 34. Rb7 h5 35. Kb3 Kg7 36. a4 Kf6 37. Kb4 Ke6 38. a5 Ra8 39. Rb6 Kd6 40. a6 Ra7 41. Ka5 Re7 42. Rb3 d4 43. Kb6 c5 44. a7 Re8 45. Ra3 c4 46. a8=Q Rxa8 47. Rxa8 Kd5 48. Rd8+ Ke4 49. Kc5 d3 50. cxd3+ cxd3 51. Kc4 1-0

[Event "Mitropa Online Cup Open 2021"]
[Site "Hybrid"]
[Date "2021.05.04"]
[Round "9.2"]
[White "Schwabeneder, Florian"]
[Black "Brunello, Sabino"]
[Result "0-1"]
[ECO "B25"]
[WhiteElo "2443"]
[BlackElo "2519"]
[Annotator "ChessBase"]
[PlyCount "90"]
[EventDate "2021.05.04"]
[EventType "team-tourn"]
[EventCountry "NET"]
[SourceTitle "playchess.com"]
[Source "ChessBase"]
[SourceQuality "1"]
[WhiteTeam "Austria"]
[BlackTeam "Italy"]
[WhiteTeamCountry "AUT"]
[BlackTeamCountry "ITA"]
[TimeControl "40/5400+30:1800+30"]

1. e4 c5 2. Nc3 d6 3. g3 Nc6 4. Bg2 g6 5. d3 Bg7 6. Nge2 Rb8 7. a4 a6 8. O-O b5 9. axb5 axb5 10. Nd5 e6 11. Ne3 Nge7 12. h4 h6 13. h5 g5 14. c3 d5 15. exd5 exd5 16. d4 cxd4 17. Nxd4 Nxd4 18. cxd4 Be6 19. b3 O-O 20. Ba3 b4 21. Bb2 Qd7 22. Re1 Ra8 23. Qd2 Qd6 24. Nc2 Nc6 25. Qd3 Ne7 26. Ne3 f5 27. Nc2 Bf7 28. Ra4 Bxh5 29. Rxb4 f4 30. Rb7 Nf5 31. Re5 fxg3 32. fxg3 Bxe5 33. dxe5 Qc5+ 34. Kh2 Ra2 35. Nd4 Rxb2 36. Nxf5 Qc2 37. Qxd5+ Kh8 38. Ne3 Qxg2+ 39. Nxg2 Bf3 40. Qxf3 Rxf3 41. Kh3 Rbxb3 42. Rxb3 Rxb3 43. Kg4 Kg7 44. Ne1 Kg6 45. Nc2 h5+ 0-1

[Event "Mitropa Online Cup Open 2021"]
[Site "Hybrid"]
[Date "2021.05.04"]
[Round "9.3"]
[White "Antal, Gergely"]
[Black "Sebenik, Matej"]
[Result "1-0"]
[ECO "C07"]
[WhiteElo "2572"]
[BlackElo "2498"]
[Annotator "ChessBase"]
[PlyCount "39"]
[EventDate "2021.05.04"]
[EventType "team-tourn"]
[EventCountry "NET"]
[SourceTitle "playchess.com"]
[Source "ChessBase"]
[SourceQuality "1"]
[WhiteTeam "Hungary"]
[BlackTeam "Slovenia"]
[WhiteTeamCountry "HUN"]
[BlackTeamCountry "SLO"]
[TimeControl "40/5400+30:1800+30"]

1. e4 e6 2. d4 d5 3. Nd2 c5 4. exd5 Qxd5 5. dxc5 Nf6 6. Ngf3 Qxc5 7. Bd3 Nbd7 8. O-O Be7 9. Re1 O-O 10. Ne4 Qc7 11. Nxf6+ Nxf6 12. Ne5 b6 13. Qf3 Bb7 14. Qh3 Rfd8 15. Bg5 h6 16. Nxf7 Rxd3 17. Nxh6+ gxh6 18. Qxe6+ Kf8 19. Bxh6+ Ke8 20. cxd3 1-0

[Event "Mitropa Online Cup Open 2021"]
[Site "Hybrid"]
[Date "2021.05.04"]
[Round "9.3"]
[White "Markoja, Boris"]
[Black "Nagy, Gabor"]
[Result "1/2-1/2"]
[ECO "A62"]
[WhiteElo "2442"]
[BlackElo "2518"]
[Annotator "ChessBase"]
[PlyCount "27"]
[EventDate "2021.05.04"]
[EventType "team-tourn"]
[EventCountry "NET"]
[SourceTitle "playchess.com"]
[Source "ChessBase"]
[SourceQuality "1"]
[WhiteTeam "Slovenia"]
[BlackTeam "Hungary"]
[WhiteTeamCountry "SLO"]
[BlackTeamCountry "HUN"]
[TimeControl "40/5400+30:1800+30"]

1. d4 Nf6 2. c4 e6 3. g3 c5 4. d5 exd5 5. cxd5 d6 6. Nc3 g6 7. Bg2 Bg7 8. Nf3 O-O 9. O-O Re8 10. Bf4 Bf5 11. Nh4 Bc8 12. Nf3 Bf5 13. Nh4 Bc8 14. Nf3 1/2-1/2

[Event "Mitropa Online Cup Open 2021"]
[Site "Hybrid"]
[Date "2021.05.04"]
[Round "9.3"]
[White "Spalir, Jernej"]
[Black "Csiki, Endre"]
[Result "1/2-1/2"]
[ECO "D35"]
[WhiteElo "2389"]
[BlackElo "2312"]
[Annotator "NA"]
[PlyCount "150"]
[EventDate "2021.05.04"]
[EventType "team-tourn"]
[EventCountry "NET"]
[SourceTitle "playchess.com"]
[Source "ChessBase"]
[SourceQuality "1"]
[WhiteTeam "Slovenia"]
[BlackTeam "Hungary"]
[WhiteTeamCountry "SLO"]
[BlackTeamCountry "HUN"]
[TimeControl "40/5400+30:1800+30"]

1. d4 Nf6 2. c4 e6 3. Nf3 d5 4. Nc3 Nbd7 5. cxd5 exd5 6. Bg5 c6 7. e3 h6 8. Bh4 g5 9. Bg3 Nh5 10. Bd3 Nxg3 11. hxg3 Bg7 12. Qc2 Nb6 13. O-O-O Be6 14. Kb1 Qe7 15. Na4 Nxa4 16. Qxa4 Bd7 17. Ka1 a5 18. Ne5 b5 19. Qc2 Bxe5 20. dxe5 Qxe5 21. f4 Qe7 22. Qc3 Rg8 23. Rxh6 Qb4 24. Qc2 a4 25. a3 Qb3 26. Qb1 Kf8 27. Bh7 Rg7 28. Qc1 Qc4 29. Qd2 b4 30. Rc1 Qb5 31. Bd3 Qb6 32. axb4 a3 33. b3 gxf4 34. gxf4 Re8 35. Rh8+ Rg8 36. Rxg8+ Kxg8 37. Re1 Rb8 38. Ka2 c5 39. Qc3 Qxb4 40. Rc1 c4 41. Qxb4 Rxb4 42. Bc2 cxb3+ 43. Kxa3 Rc4 44. Kxb3 Ba4+ 45. Kb2 Bxc2 46. Rxc2 Re4 47. Re2 d4 48. Kc2 dxe3 49. g3 Rd4 50. Rxe3 Kg7 51. Rd3 Re4 52. Kd2 Kg6 53. Re3 Ra4 54. Ke2 Rb4 55. Kf3 Ra4 56. Rb3 Ra1 57. Rb6+ Kg7 58. Kg4 Ra5 59. Rb8 Ra3 60. Rb5 Kf6 61. Rb6+ Kg7 62. Kh4 Ra5 63. g4 Ra4 64. Kg5 Ra5+ 65. f5 Rc5 66. Ra6 Rb5 67. Ra4 Rc5 68. Kf4 Rb5 69. Re4 Ra5 70. g5 Ra1 71. Re8 Rf1+ 72. Kg4 Rg1+ 73. Kf4 Rf1+ 74. Kg4 Rg1+ 75. Kf4 Rf1+ 1/2-1/2